 Dungeon Crawl Stone Soup version 0.22.1-1-ga44c0e5 (webtiles) character file.

2018 Anon1729 the Cleaver (level 9, 0/82 HPs)
             Began as a Naga Gladiator on Oct 17, 2018.
             Slain by a wight
             ... wielding a +2 morningstar
              (1 damage)
             ... on level 7 of the Dungeon.
             The game lasted 00:10:02 (7624 turns).

Anon1729 the Cleaver (Naga Gladiator)               Turns: 7624, Time: 00:10:03

Health: 0/82       AC:  6    Str: 19    XL:     9   Next: 23%
Magic:  18/18      EV: 11    Int:  9    God:
Gold:   256        SH:  0    Dex: 13    Spells: 8/8 levels left

rFire    . . .     SeeInvis +   a - +0 war axe
rCold    . . .     Gourm    .   (no shield)
rNeg     . . .     Faith    .   b - +0 leather armour
rPois    +         Spirit   .   c - +0 helmet
rElec    .         Reflect  .   (no cloak)
rCorr    .         Harm     .   (no gloves)
MR       +....                  (no barding)
Stlth    +.........             (no amulet)
HPRegen  0.23/turn              l - ring of magical power
MPRegen  0.16/turn              I - ring of see invisible

@: drained, very slow
A: large, see invisible, deformed body, poison resistance, slowness 2, slow
metabolism 1, spit poison 1, AC +3
a: Spit Poison


You were on level 7 of the Dungeon.
You were not hungry.

You visited 1 branch of the dungeon, and saw 8 of its levels.

You collected 256 gold pieces.

Inventory:

Hand Weapons
 a - a +0 war axe (weapon)
Missiles
 d - 3 throwing nets (quivered)
Armour
 b - a +0 leather armour (worn)
 c - a +0 helmet (worn)
Jewellery
 l - a ring of magical power (left hand)
 o - an uncursed ring of wizardry
 q - an uncursed ring of poison resistance
 v - an uncursed amulet of harm
 I - a ring of see invisible (right hand)
Scrolls
 g - 4 scrolls of blinking
 j - 2 scrolls of immolation {unknown}
 k - 2 scrolls of fog {unknown}
 m - 4 scrolls of teleportation {unknown}
 p - 2 scrolls of enchant weapon {unknown}
 r - 2 scrolls of remove curse {unknown}
 u - 5 scrolls of identify {unknown}
 y - a scroll of magic mapping {unknown}
 z - a scroll of fear {unknown}
 A - 3 scrolls of noise {unknown}
 D - 2 scrolls of random uselessness {unknown}
 H - 2 scrolls of amnesia {unknown}
Potions
 e - a potion of mutation {unknown}
 h - 5 potions of curing
 i - 2 potions of lignification {unknown}
 n - a potion of brilliance {unknown}
 s - 2 potions of heal wounds {unknown}
 t - 2 potions of flight {unknown}
 x - 3 potions of berserk rage {unknown}
 C - 2 potions of resistance {unknown}
 E - a potion of cancellation {unknown}
 F - a potion of haste
 G - a potion of degeneration {unknown}
 J - a potion of magic {unknown}
Comestibles
 f - 10 rations
 K - 4 chunks of flesh


   Skills:
 + Level 5.8(5.2) Fighting
 * Level 8.5(7.8) Axes
 - Level 2.0(1.4) Throwing
 - Level 4.0(3.4) Armour
 - Level 4.3(3.7) Dodging


You had 8 spell levels left.
You didn't know any spells.
Your spell library was empty.

Dungeon Overview and Level Annotations

Branches:
Dungeon (8/15)
 Temple: D:4-7         Lair: D:8-11

Altars:
Fedhas
Nemelex Xobeh
Xom
Yredelemnul
Zin
The Shining One

Shops:
D:7 %

Annotations:
D:5 3 runed doors, Malog's ghost, amateur NaSk
D:7 2 runed doors, imbaray's ghost, novice SpEn


Innate Abilities, Weirdness & Mutations

You cannot wear boots.
Your serpentine skin is tough. (AC +3)
You have supernaturally acute eyesight. (SInv)
Armour fits poorly on your strangely shaped body.
Your system is resistant to poisons. (rPois)
You cover ground very slowly.
You have a slow metabolism.
You can spit poison.


Message History

The wight is almost destroyed.
You hit the wight. The wight barely misses you.
The wight hits you but does no damage.
Unknown command.
Unknown command.
You are too injured to fight recklessly!
Unknown command.
You completely miss the wight.
The wight is almost destroyed.
You hit the wight but do no damage. The wight barely misses you.
The wight hits you with an enchanted morningstar.
* * * LOW HITPOINT WARNING * * *
You feel drained.
* * * LOW HITPOINT WARNING * * *
Unknown command.
You hit the wight.
You destroy the wight!
You barely miss the wight.
The wight hits you with an enchanted morningstar.
You die...

..............##......#.
...........#............
.........###....##....# .
...#####..........#...#.
....)........รท..........
.....................#
.....................#
.........###.....z...#####..
................@).......#..
.#..............##).........
.#............####.......#
.#.#..#.......###...)....###
...#..#.....................
............................
........#####....#..........
...Y...............###+##...
...##z######.......# ..


You could see a wight.

Vanquished Creatures
  Pikel (D:5)
  Grinder (D:5)
  Sigmund (D:5)
  Duvessa (D:7)
  An orc warrior (D:7)
  2 ogres (D:6)
  A centaur (D:5)
  A bullfrog (D:7)
  A water moccasin skeleton (D:5)
  Dowan (D:7)
  2 wights (D:7)
  A crimson imp (D:7)
  2 bullfrog zombies
  An orc priest (D:7)
  3 orc wizards
  An iguana (D:7)
  3 worker ants
  A hound skeleton (D:4)
  4 gnolls (D:4)
  8 adders
  An adder skeleton (D:4)
  3 worms
  3 dart slugs
  A leopard gecko (D:5)
  10 orcs
  9 bats
  7 giant cockroaches
  12 goblins
  3 hobgoblins
  5 kobolds
  3 frilled lizards
  2 quokka skeletons (D:6)
  12 rats
108 creatures vanquished.

Vanquished Creatures (others)
  An ice beast (D:5)
1 creature vanquished.

Grand Total: 109 creatures vanquished

Notes
Turn   | Place    | Note
-------+----------+-------------------------------------------
     0 | D:1      | Anon1729 the Naga Gladiator began the quest for the Orb.
     0 | D:1      | Reached XP level 1. HP: 19/19 MP: 1/1
   137 | D:1      | Reached XP level 2. HP: 25/26 MP: 2/2
   709 | D:2      | Reached XP level 3. HP: 19/32 MP: 3/3
  1579 | D:2      | Reached skill level 1 in Armour
  1579 | D:2      | Reached XP level 4. HP: 35/40 MP: 4/4
  1730 | D:2      | Reached skill level 4 in Axes
  2076 | D:3      | Found a sparkling altar of Nemelex Xobeh.
  2436 | D:3      | Reached XP level 5. HP: 43/46 MP: 5/5
  3157 | D:4      | Found a blossoming altar of Fedhas.
  3193 | D:4      | Reached XP level 6. HP: 7/56 MP: 6/6
  3517 | D:4      | Found a glowing golden altar of the Shining One.
  3850 | D:5      | Entered Level 5 of the Dungeon
  3854 | D:5      | Reached skill level 5 in Axes
  3873 | D:5      | Noticed Grinder
  3874 | D:5      | Paralysed by Grinder for 5 turns
  3883 | D:5      | Killed Grinder
  3883 | D:5      | Reached XP level 7. HP: 42/63 MP: 7/7
  4003 | D:5      | Noticed Sigmund
  4021 | D:5      | Killed Sigmund
  4021 | D:5      | Reached skill level 6 in Axes
  4301 | D:5      | Noticed Pikel
  4323 | D:5      | Killed Pikel
  4323 | D:5      | Reached XP level 8. HP: 13/73 MP: 8/8
  4717 | D:5      | Found a runed gate.
  4717 | D:5      | Found a runed gate.
  4717 | D:5      | Found a runed gate.
  4717 | D:5      | Noticed Malog's ghost (amateur NaSk)
  4726 | D:5      | Reached skill level 7 in Axes
  4859 | D:5      | Found a shimmering altar of Xom.
  4859 | D:5      | Found a glowing silver altar of Zin.
  4860 | D:5      | Found a basalt altar of Yredelemnul.
  5609 | D:6      | HP: 3/73 [ogre/giant club (16)]
  5610 | D:6      | Reached skill level 5 in Fighting
  6568 | D:7      | Reached XP level 9. HP: 59/81 MP: 9/9
  6850 | D:7      | Noticed imbaray's ghost (novice SpEn)
  6851 | D:7      | Found a runed gate.
  6852 | D:7      | Found a runed gate.
  6885 | D:7      | Noticed Dowan
  6897 | D:7      | Noticed Duvessa
  7509 | D:7      | Reached skill level 8 in Axes
  7550 | D:7      | Found Rehuyr's Food Shoppe.
  7617 | D:7      | Killed Dowan
  7618 | D:7      | Killed Duvessa
  7618 | D:7      | HP: 4/82 [wight/enchanted morningstar (11)]
  7618 | D:7      | HP: 1/82 [wight/enchanted morningstar (3)]
  7623 | D:7      | HP: 2/82 [wight/enchanted morningstar (6)]
  7624 | D:7      | Slain by a wight

Skill      XL: |  1  2  3  4  5  6  7  8  9 |
---------------+----------------------------+-----
Throwing       | 2 |  2.0
Armour         | 1 2 3 4 |  4.0
Axes           | 4 5 6 7 8 |  8.5
Dodging        | 3 4 |  4.3
Fighting       | 3 4 5 |  5.8

Action                   |  1- 3 |  4- 6 |  7- 9 || total
-------------------------+-------+-------+-------++-------
Melee: War axe           |   101 |   141 |   135 ||   377
Throw: Throwing net      |       |       |     2 ||     2
 Abil: Spit Poison       |       |     3 |     7 ||    10
Evoke: Wand              |       |     1 |    17 ||    18
  Use: Potion            |       |     1 |     1 ||     2
       Scroll            |       |       |     1 ||     1
 Stab: Sleeping          |     1 |       |       ||     1
  Eat: Chunk             |     1 |     7 |     3 ||    11
       Ration            |       |       |     2 ||     2
Armor: Leather armour    |    37 |    49 |    36 ||   122
Dodge: Dodged            |    73 |    83 |    97 ||   253
